 Dungeon Crawl Stone Soup version 0.28-a0-1130-gc51a68064b (webtiles) character file.

Game seed: 6976488391890677326

3380 yoda5477 the Skirmisher (level 9, -2/71 HPs)
             Began as a Demonspawn Transmuter on Dec 12, 2021.
             Was a Follower of Wu Jian.
             Slain by an orc warrior (14 damage)
             ... on level 8 of the Dungeon.
             The game lasted 01:18:23 (11021 turns).

yoda5477 the Skirmisher (Demonspawn Transmuter)    Turns: 11021, Time: 01:18:25

Health: -2/71      AC:  9    Str: 16    XL:     9   Next: 74%
Magic:  13/15      EV: 13    Int: 14    God:    Wu Jian [*.....]
Gold:   115        SH:  0    Dex: 13    Spells: 13/16 levels left

rFire   . . .      SeeInvis .   a - +3 whip (flame)
rCold   . . .      Faith    .   (no shield)
rNeg    . . .      Spirit   .   B - +1 acid dragon scales
rPois   .          Reflect  .   (helmet currently unavailable)
rElec   .          Harm     .   (no cloak)
rCorr   +          Rampage  .   (no gloves)
Will    .....                   (boots currently unavailable)
Stlth   ++........              J - amulet of the acrobat
HPRegen 0.21/turn               o - ring of wizardry
MPRegen 0.14/turn               F - +4 ring of slaying

@: appendages, wereblooded
A: talons 2, antennae 2, ignite blood 1, spiny 1, sharp scales 1
a: End Transformation, Renounce Religion


You were on level 8 of the Dungeon.
You worshipped Wu Jian.
Wu Jian was aware of your devotion.
You had temporarily grown beastly talons.
You visited 2 branches of the dungeon, and saw 9 of its levels.

You collected 409 gold pieces.
You spent 294 gold pieces at shops.

Inventory:

Hand Weapons
 a - a +3 whip of flaming (weapon)
 b - a +0 hand crossbow
 e - a +0 dagger of freezing
 f - a +0 hunting sling
 r - a +0 long sword
 M - a +0 war axe
 N - a +4 trident
Missiles
 c - 6 javelins
 h - 41 bolts
 m - 38 poisoned darts (quivered)
 n - 170 arrows
 z - 238 stones
 A - 2 boomerangs
 D - 41 sling bullets
 H - 2 throwing nets
Armour
 s - a +2 chain mail of fire resistance
 t - +0 steam dragon scales
 u - a +0 plate armour
 B - +1 acid dragon scales (worn)
 I - the +0 pair of boots of Chill Winds {rF- rC+ rN+}
   (You bought it in a shop on level 7 of the Dungeon)

   rF:        It makes you vulnerable to fire.
   rC:        It protects you from cold.
   rN:        It protects you from negative energy.
Magical Staves
 x - a staff of death
Jewellery
 j - a ring of fire
 o - a ring of wizardry (left hand)
 F - a +4 ring of slaying (right hand)
 J - an amulet of the acrobat (around neck)
Wands
 w - a wand of polymorph (11)
 y - a wand of paralysis (3)
 E - a wand of mindburst (20)
Scrolls
 v - a scroll of teleportation
 G - a scroll of fog
 K - a scroll of vulnerability {unknown}
 L - a scroll of amnesia
Potions
 d - 2 potions of mutation {unknown}
 k - 3 potions of curing
 p - 2 potions of flight
 q - 3 potions of haste
 C - a potion of might {unknown}


   Skills:
 + Level 6.4 Fighting
 * Level 4.0 Staves
 - Level 4.0 Armour
 - Level 6.0 Dodging
 - Level 2.0 Stealth
 - Level 2.6 Unarmed Combat
 - Level 4.0 Spellcasting
 - Level 4.0 Necromancy
 + Level 4.5 Transmutations
 + Level 3.0 Evocations


You had 13 spell levels left.
You knew the following spells:

 Your Spells              Type           Power      Damage    Failure   Level
a - Beastly Appendage     Tmut           30%        N/A       1%          1
b - Wereblood             Tmut           15%        N/A       2%          2

Your spell library contained the following spells:

 Spells                   Type           Power      Damage    Failure   Level
 Spider Form              Tmut/Pois      9%         N/A       12%         3
 Tukima's Dance           Hex            2%         N/A       28%         3
 Ice Form                 Ice/Tmut       9%         N/A       36%         4
 Passage of Golubria      Tloc           2%         N/A       65%         4
 Yara's Violent Unravell  Hex/Tmut       4%         3d4       69%         5


Dungeon Overview and Level Annotations

Branches:
Dungeon (8/15)             Temple (1/1) D:7
   Lair: D:8-11

Altars:
Ashenzari
Cheibriados
Dithmenos
Elyvilon
Gozag
Hepliaklqana
Kikubaaqudgha
Makhleb
Nemelex Xobeh
Okawaru
Qazlal
Ru
Sif Muna
Trog
Uskayaw
Vehumet
Wu Jian
Xom
Yredelemnul
Zin
The Shining One
Lugonu

Shops:
D:7 [

Portals:
Abyss: D:5

Annotations:
D:3 2 runed translucent doors, exclusion: 2 doors, Verendum's ghost, amateur OpMo
D:4 exclusion: downstairs
D:5 2 runed translucent doors, exclusions: 2 doors and downstairs, Grinder
D:7 exclusions: sensed monster (detected), wight and 7 more exclusions


Innate Abilities, Weirdness & Mutations

You have temporarily grown beastly talons.
You have a pair of antennae on your head.
Your demonic aura sometimes causes spilled blood to erupt in flames.
You are partially covered in sharp spines.
You are partially covered in razor-sharp scales. (AC +1, Slay +1)


Message History

You hit the orc warrior. You burn the orc warrior.
The orc warrior is heavily wounded.
The orc warrior hits you with a +0 scimitar.
You hit the orc warrior. You burn the orc warrior.
Your kick misses the orc warrior.
The orc warrior is severely wounded.
An orc comes into view. It is wielding a +0 hand axe.
The orc warrior hits you with a +0 scimitar!
The orc shouts!
You hit the orc warrior but do no damage.
The orc warrior is severely wounded.
The orc warrior closely misses you.
You closely miss the orc warrior.
The orc warrior is severely wounded.
The orc warrior hits you with a +0 scimitar!
You hit the orc warrior but do no damage.
The orc warrior is severely wounded.
The orc warrior closely misses you.
You barely miss the orc warrior. You claw the orc warrior.
You punch the orc warrior, but do no damage.
The orc warrior is severely wounded.
The orc warrior closely misses you.
The orc priest calls down the wrath of Beogh upon you.
Beogh smites you!
Casting: Beastly Appendage (safe; 1% risk of failure)
Confirm with . or Enter, or press ? or * to list all spells.
Your blood is infused with primal strength.
The orc warrior hits you with a +0 scimitar!
* * * LOW HITPOINT WARNING * * *
You hit the orc warrior. You burn the orc warrior.
The orc warrior is almost dead.
The orc warrior hits you with a +0 scimitar.
* * * LOW HITPOINT WARNING * * *
You hit the orc warrior. You burn the orc warrior.
The orc warrior is almost dead.
The orc priest calls upon Beogh to heal the orc warrior.
The orc warrior is healed somewhat.
The orc warrior is struck by your spines.
The orc warrior hits you with a +0 scimitar!
You die...

#....#.(................
#....#..(...............
#....###'###............
######....#.(..##...##...##..
##....#..............##...####
#.......≈≈≈(≈≈≈≈≈.........#...
#.^.....≈.....o.≈.........#...
#.......≈.#####o≈.........#...
#.......≈.#..@oo≈.........#...
##....#.≈.#._°#.≈.........##..
##......≈.....#.≈....##..# #+#
#.......≈.#####.≈....##.. #.
#.......≈.......≈........ #.
#.......≈≈≈≈≈≈≈≈≈........ +#
#........................ #.
##...###...#..#.###+###.. #.
#######...##...##...# ..+##+.


You could see an orc warrior, an orc priest and 2 orcs.

Vanquished Creatures
  Maggie (D:7)
  Menkaure (D:6)
  Edmund (D:5)
  An acid dragon (D:6)
  2 orc warriors
  3 ice beasts
  A hornet zombie (D:8)
  An ogre (D:7)
  4 necrophages
  A sky beast (D:7)
  A phantom (D:5)
  A wyvern zombie (D:6)
  A water moccasin zombie (D:6)
  9 killer bees (D:8)
  3 wights
  A bullfrog zombie (D:6)
  2 centaur zombies
  A gnoll shaman (D:7)
  6 orc priests
  A bullfrog skeleton (D:5)
  A hound (D:6)
  5 iguanas
  4 orc wizards
  2 hound skeletons (D:5)
  9 adders
  10 gnolls
  A howler monkey skeleton (D:5)
  3 shadow imps
  2 white imps (D:7)
  A worm (D:2)
  3 adder skeletons (D:4)
  3 dart slugs
  21 orcs
  7 ball pythons
  6 endoplasms
  3 giant cockroaches
  4 hobgoblins
  2 jackals (D:2)
  6 kobolds
  2 quokkas
  7 bats
  2 frilled lizards
  7 goblins
  7 rats
160 creatures vanquished.

Vanquished Creatures (others)
  A fungus (D:8)
  3 plants
4 creatures vanquished.

Grand Total: 164 creatures vanquished

Notes
Turn   | Place    | Note
-------+----------+-------------------------------------------
     0 | D:1      | yoda5477 the Demonspawn Transmuter began the quest for the
                  | Orb.
     0 | D:1      | Reached XP level 1. HP: 15/15 MP: 3/3
   509 | D:1      | Gained mutation: You are partially covered in razor-sharp
                  | scales. (AC +1, Slay +1) [demonic ancestry]
   509 | D:1      | Reached XP level 2. HP: 10/21 MP: 3/5
   783 | D:1      | Reached skill level 1 in Stealth
   856 | D:1      | Learned a level 2 spell: Wereblood
  1444 | D:2      | Found a faded altar of an unknown god.
  1538 | D:2      | Reached XP level 3. HP: 24/27 MP: 6/6
  2332 | D:2      | Gained mutation: Your demonic aura sometimes causes spilled
                  | blood to erupt in flames. [demonic ancestry]
  2332 | D:2      | Reached XP level 4. HP: 30/34 MP: 3/7
  3241 | D:3      | Gained mutation: You are partially covered in sharp spines.
                  | [demonic ancestry]
  3241 | D:3      | Reached XP level 5. HP: 35/41 MP: 4/8
  3760 | D:3      | Found a large runed translucent door.
  3761 | D:3      | Found a large runed translucent door.
  3766 | D:3      | Noticed Verendum's ghost (amateur OpMo)
  3771 | D:3      | Found a broken altar of Ashenzari.
  3948 | D:4      | Noticed a necrophage
  4081 | D:4      | Reached skill level 1 in Armour
  4284 | D:4      | Reached XP level 6. HP: 48/48 MP: 7/9
  4493 | D:4      | Found a snail-covered altar of Cheibriados.
  4520 | D:5      | Entered Level 5 of the Dungeon
  4740 | D:4      | Found a basalt altar of Yredelemnul.
  5377 | D:5      | Gained mutation: You have a pair of small antennae on your
                  | head. [demonic ancestry]
  5377 | D:5      | Reached XP level 7. HP: 50/54 MP: 10/10
  5543 | D:5      | Found an opulent altar of Gozag.
  5570 | D:5      | Noticed Edmund
  6126 | D:5      | Found a large runed translucent door.
  6146 | D:5      | Found a large runed translucent door.
  6271 | D:5      | Noticed Grinder
  6326 | D:5      | Found a corrupted altar of Lugonu.
  6619 | D:6      | Reached skill level 1 in Necromancy
  6626 | D:6      | Reached skill level 5 in Fighting
  6626 | D:6      | Reached XP level 8. HP: 49/62 MP: 12/12
  6745 | D:6      | Noticed a two-headed ogre
  6932 | D:5      | Killed Edmund
  7111 | D:6      | Noticed Menkaure
  7574 | D:6      | Reached skill level 1 in Evocations
  7908 | D:5      | Found a one-way gate to the infinite horrors of the Abyss.
  8040 | D:6      | Killed Menkaure
  8598 | D:6      | Found a shimmering blue altar of Sif Muna.
  8636 | D:7      | Found a burning altar of Makhleb.
  8693 | D:6      | Reached skill level 5 in Dodging
  8701 | D:7      | Noticed Maggie
  8842 | D:7      | Killed Maggie
  8843 | D:7      | Reached skill level 1 in Staves
  8843 | D:7      | Gained mutation: You have a pair of antennae on your head.
                  | [demonic ancestry]
  8843 | D:7      | Reached XP level 9. HP: 32/69 MP: 14/14
  9027 | D:7      | Found a staircase to the Ecumenical Temple.
  9046 | Temple   | Entered the Ecumenical Temple
  9110 | Temple   | Became a worshipper of the Wu Jian Council
  9700 | D:7      | Found Divvohuth's Antique Armour Shop.
  9708 | D:7      | Bought a pair of bloodstained boots for 294 gold pieces
  9708 | D:7      | Identified the +0 pair of boots of Chill Winds {rF- rC+
                  | rN+} (You bought it in a shop on level 7 of the Dungeon)
 10258 | D:8      | Found an iron altar of Okawaru.
 10420 | D:8      | Found a shimmering altar of Xom.
 10721 | D:8      | Found a hazy altar of Hepliaklqana.
 10748 | D:8      | Reached * piety under Wu Jian
 11021 | D:8      | Slain by an orc warrior

Illustrated notes

Levels and vault maps discovered:
D:1:      minmay_arrival_diagonal_passages, layout_loops_cross,
          chequers_serial_rivers_micro_b, chequers_jeans
D:2:      layout_basic, ebering_ecumenical_altar_ruins, hex_large,
          nicolae_elevator_lobby_plus
D:3:      layout_rooms, general_overflow_altar, ebering_ghost_disaster_area
D:4:      layout_basic, nicolae_overflow_hidden_temple, lemuel_doored_altar
D:5:      due_chaos_kobolds, layout_loops_ring, amcnicky_altar_gilded,
          uniq_grinder, uniq_edmund
D:6:      layout_loops_ring, lemuel_blue_sif_altar, serial_bayou_pond_d,
          uniq_menkaure
D:7:      layout_cave_pods, good_gods_temple_1, bloody_makhleb,
          minmay_temple_entry_sparse_star, serial_shops, shop,
          grunt_ministairs_11, uniq_maggie
D:8:      layout_gridville, mainiacjoe_overflow_24_doors,
          mainiacjoe_overflow_brackets, mainiacjoe_overflow_surrounded_room,
          david_lair_generic
Temple:   dpeg_three_leaves_temple

Skill      XL: |  1  2  3  4  5  6  7  8  9 |
---------------+----------------------------+-----
Transmutations | 2 3 4 |  4.5
Dodging        | 2 3 4 5 6 |  6.0
Stealth        | 1 2 |  2.0
Fighting       | 2 3 4 5 6 |  6.4
Armour         | 1 2 3 4 |  4.0
Spellcasting   | 3 4 |  4.0
Necromancy     | 1 2 4 |  4.0
Evocations     | 2 3 |  3.0
Staves         | 1 4 |  4.0
Unarmed Combat | |  2.6

Action                   |  1- 3 |  4- 6 |  7- 9 || total
-------------------------+-------+-------+-------++-------
Melee: Dagger            |    84 |    39 |       ||   123
       Unarmed           |     2 |       |       ||     2
       Kick              |    11 |    16 |    61 ||    88
       Punch             |     1 |     3 |     7 ||    11
       Headbutt          |     7 |    20 |       ||    27
       Whip              |       |    71 |   231 ||   302
       Staff             |       |       |     5 ||     5
 Fire: Hand crossbow     |       |       |    11 ||    11
Throw: Stone             |    28 |    74 |       ||   102
       Dart              |       |       |     6 ||     6
 Cast: Beastly Appendage |    28 |    44 |    48 ||   120
       Wereblood         |     3 |     6 |    10 ||    19
Invok: Lunge             |       |       |     8 ||     8
Evoke: Wand              |       |       |     1 ||     1
  Use: Scroll            |       |     7 |     5 ||    12
       Potion            |       |       |     1 ||     1
 Stab: Sleeping          |       |     2 |     1 ||     3
Armor: Robe              |    13 |     9 |       ||    22
       Leather armour    |       |     8 |     8 ||    16
       Acid dragon scale |       |       |    47 ||    47
Dodge: Dodged            |    39 |    45 |   146 ||   230

Table legend: (Time is in decaauts)
 A = Elapsed time spent in this place.
 B = Non-inter-level travel time spent in this place.
 C = Inter-level travel time spent in this place.
 D = Time resting spent in this place.
 E = Time spent auto-exploring this place.
 F = Levels seen in this place.
 G = Mean time per level.
                   A        B        C        D        E       F      G
               +--------+--------+--------+--------+--------+-----+--------+
         Total |  11092 |  10345 |    747 |   3120 |   2481 |   9 | 1232.4 |
       Dungeon |  11010 |  10277 |    733 |   3120 |   2430 |   8 | 1376.2 |
        Temple |     81 |     67 |     14 |      0 |     51 |   1 |   81.0 |
               +--------+--------+--------+--------+--------+-----+--------+

Top non-repeatable levels by time:
     D:5: 2101 daAuts
     D:2: 1744 daAuts
     D:4: 1586 daAuts
     D:1: 1508 daAuts
     D:6: 1353 daAuts
     D:7: 1352 daAuts
     D:8: 683 daAuts
     D:3: 679 daAuts
  Temple: 81 daAuts
